 Dungeon Crawl Stone Soup version 0.20.0-10-g0535bb4 (webtiles) character file.

128 nikopol the Skirmisher (level 5, -1/33 HPs)
             Began as a Gargoyle Berserker on June 3, 2017.
             Was a Believer of Trog.
             Slain by MTVSty1e's ghost (10 damage)
             ... on level 3 of the Dungeon.
             The game lasted 00:03:42 (2695 turns).

nikopol the Skirmisher (Gargoyle Berserker)         Turns: 2695, Time: 00:03:43

Health: -1/33      AC: 11    Str: 20    XL:     5   Next: 12%
Magic:  5/5        EV: 10    Int:  8    God:    Trog [**....]
Gold:   199        SH:  0    Dex: 10    Spells: 4/4 levels left

rFire    . . .     SeeInvis .   a - +0 hand axe
rCold    . . .     Gourm    .   (no shield)
rNeg     + . .     Faith    .   s - +0 scale mail
rPois    ∞         Spirit   .   j - +0 helmet
rElec    +         Reflect  .   (no cloak)
rCorr    .         Harm     .   (no gloves)
MR       .....                  (no boots)
Stlth    ..........             (no amulet)
Regen    0.2/turn               k - ring of flight
MPRegen  0.1/turn               (no ring)

@: berserk cooldown, slowed, very slow
A: negative energy resistance 1, electricity resistance, unbreathing,
petrification resistance, rot immunity, AC +4
a: Berserk, Trog's Hand, Burn Spellbooks, Renounce Religion, Evoke Flight


You were on level 3 of the Dungeon.
You worshipped Trog.
Trog was pleased with you.
You were hungry.

You visited 1 branch of the dungeon, and saw 3 of its levels.

You collected 199 gold pieces.

Inventory:

Hand Weapons
 a - a +0 hand axe (weapon)
 p - a cursed +0 hand axe
Missiles
 m - 24 arrows (quivered)
Armour
 b - a +0 animal skin
 j - a +0 helmet (worn)
 s - a +0 scale mail (worn)
Jewellery
 k - a ring of flight (left hand)
Scrolls
 e - a scroll of fog {unknown}
 g - 2 scrolls of remove curse {unknown}
 i - 2 scrolls of fear {unknown}
 l - 4 scrolls of identify {unknown}
 q - a scroll of amnesia {unknown}
 r - a scroll of recharging {unknown}
 u - 2 scrolls of enchant weapon {unknown}
Potions
 d - a potion of berserk rage {unknown}
 h - a potion of heal wounds {unknown}
 n - a potion of curing {unknown}
 t - a potion of invisibility {unknown}
 v - 2 potions of degeneration {unknown}
Comestibles
 c - a bread ration
 f - 2 meat rations
 o - 5 chunks of flesh


   Skills:
 + Level 4.1 Fighting
 + Level 4.0 Axes
 + Level 2.1 Armour
 + Level 2.2 Dodging
 + Level 1.3 Stealth


You had 4 spell levels left.
You didn't know any spells.

Dungeon Overview and Level Annotations

Branches:
Dungeon (3/15)

Altars:

Annotations:
D:3 MTVSty1e's ghost, amateur FoFi


Innate Abilities, Weirdness & Mutations

You are resistant to torment.
Your stone body is resilient. (AC +4)
You are immune to poison.
You resist negative energy. (rN+)
You are resistant to electric shocks. (rElec)
You can survive without breathing.
You are immune to petrification.
You are immune to rotting.


Message History

MTVSty1e's ghost is severely damaged.
You hit MTVSty1e's ghost.
MTVSty1e's ghost is almost destroyed.
MTVSty1e's ghost hits you!
You barely miss MTVSty1e's ghost.
MTVSty1e's ghost is almost destroyed.
MTVSty1e's ghost hits you.
You hit MTVSty1e's ghost but do no damage.
MTVSty1e's ghost is almost destroyed.
You are no longer berserk.
You are exhausted.
You feel yourself slow down.
MTVSty1e's ghost wails, "You will join me soon!"
MTVSty1e's ghost hits you.
* * * LOW HITPOINT WARNING * * *
You hit MTVSty1e's ghost.
MTVSty1e's ghost is almost destroyed.
MTVSty1e's ghost barely misses you. MTVSty1e's ghost hits you!
You die...

##. ############ ....
#..........##..# ###
#........W@....#
.(#####............###
##....
...................#
#.....
..>#.........##...##
#.....
...#.....)...##...#
#.....
.............#..#.#
#.....
###............##...
####.....
#....................
.........
.............#####...#
#...).


You could see MTVSty1e's ghost.

Vanquished Creatures
  Terence (D:3)
  4 adders
  An ooze (D:3)
  2 worms (D:3)
  2 leopard geckos
  2 ball pythons
  4 giant cockroaches
  5 goblins
  5 hobgoblins
  8 jackals
  6 bats
  A frilled lizard (D:1)
  8 kobolds
  8 rats
  A plant (D:1)
58 creatures vanquished.

Notes
Turn   | Place    | Note
-------+----------+-------------------------------------------
     0 | D:1      | nikopol the Gargoyle Berserker began the quest for the Orb.
     0 | D:1      | Reached XP level 1. HP: 14/14 MP: 1/1
   257 | D:1      | Reached XP level 2. HP: 16/19 MP: 2/2
  1215 | D:1      | Reached ** piety under Trog
  1318 | D:2      | Reached XP level 3. HP: 24/24 MP: 3/3
  1770 | D:2      | Reached XP level 4. HP: 29/29 MP: 4/4
  1864 | D:2      | Reached skill level 1 in Stealth
  2423 | D:3      | Noticed Terence
  2432 | D:3      | Killed Terence
  2543 | D:3      | Reached XP level 5. HP: 29/33 MP: 5/5
  2658 | D:3      | Noticed MTVSty1e's ghost (amateur FoFi)
  2695 | D:3      | Slain by MTVSty1e's ghost

Skill      XL: |  1  2  3  4  5 |
---------------+----------------+-----
Axes           | 3 4 |  4.0
Dodging        | 2 |  2.2
Fighting       | 4 |  4.1
Stealth        | 1 |  1.3
Armour         | |  2.1

Action                   |  1- 3 |  4- 6 || total
-------------------------+-------+-------++-------
Melee: Hand axe          |   168 |    83 ||   251
Invok: Berserk           |       |     3 ||     3
  Eat: Chunk             |     3 |     5 ||     8
Armor: Animal skin       |    71 |    17 ||    88
       Scale mail        |       |    12 ||    12
Dodge: Dodged            |    86 |    41 ||   127
